 Dungeon Crawl Stone Soup version 0.25.1-9-gc5326a611f (webtiles) character file.

Game seed: 12852449151601027821

810 AlexTheUnready the Archer (level 7, -4/59 HPs)
             Began as a Centaur Hunter on Nov 19, 2023.
             Slain by an ogre
             ... wielding a +0 giant spiked club
              (9 damage)
             ... on level 4 of the Dungeon.
             The game lasted 00:09:02 (5389 turns).

AlexTheUnready the Archer (Centaur Hunter)          Turns: 5389, Time: 00:09:02

Health: -4/59      AC: 10    Str: 23    XL:     7   Next: 61%
Magic:  7/7        EV:  7    Int: 10    God:
Gold:   235        SH:  0    Dex:  9    Spells: 6/6 levels left

rFire    . . .     SeeInvis .   b - +0 short sword
rCold    . . .     Gourm    .   (no shield)
rNeg     . . .     Faith    .   p - +0 chain mail
rPois    .         Spirit   .   (no helmet)
rElec    .         Reflect  .   j - +0 cloak
rCorr    .         Harm     .   h - +0 pair of gloves
MR       .....                  (no barding)
Stlth    ..........             (no amulet)
HPRegen  0.19/turn              l - +6 ring of strength
MPRegen  0.10/turn              (no ring)

@: very quick
A: large, hooves 3, deformed body, speed 2, tough skin 3
a: no special abilities


You were on level 4 of the Dungeon.
You were near starving.

You visited 1 branch of the dungeon, and saw 5 of its levels.

You collected 235 gold pieces.

Inventory:

Hand Weapons
 a - a +1 shortbow
 b - a +0 short sword (weapon)
Missiles
 d - 57 arrows
 e - 6 javelins (quivered)
Armour
 h - a +0 pair of gloves (worn)
 j - a +0 cloak (worn)
 p - a +0 chain mail (worn)
Jewellery
 l - a +6 ring of strength (left hand)
 v - an uncursed ring of magical power {unknown}
Scrolls
 g - 2 scrolls of enchant weapon
 i - a scroll of fog
 k - a scroll of amnesia {unknown}
 m - 2 scrolls of teleportation
 q - a scroll of remove curse
 r - a scroll of identify
 s - a scroll of enchant armour {unknown}
Potions
 c - a potion of curing
 n - 2 potions of cancellation
 o - a potion of ambrosia
 t - a potion of might {unknown}
 u - a potion of haste {unknown}
Comestibles
 f - 8 rations


   Skills:
 + Level 4.0 Fighting
 + Level 8.1 Bows
 + Level 4.0 Armour
 + Level 2.5 Dodging
 - Level 0.4 Stealth


You had 6 spell levels left.
You didn't know any spells.
Your spell library was empty.

Dungeon Overview and Level Annotations

Branches:
Dungeon (5/15)             Temple (0/1) D:5

Altars:
Makhleb
Sif Muna
Uskayaw
Xom
The Shining One

Shops:
D:4 [%([

Annotations:
D:3 Grinder


Innate Abilities, Weirdness & Mutations

You have hooves in place of feet.
Armour fits poorly on your strangely shaped body.
You cover ground very quickly.
You have extremely tough skin. (AC +3)


Message History

The crimson imp hits you but does no damage.
The ogre hits you with a +0 giant spiked club!
You miss the crimson imp. Your kick misses the crimson imp.
The crimson imp barely misses you.
The ogre hits you with a +0 giant spiked club.
Unknown command.
You hit the crimson imp. Your kick misses the crimson imp.
The crimson imp is moderately wounded.
The crimson imp hits you.
Unknown command.
You closely miss the crimson imp. You kick the crimson imp!
You kill the crimson imp!
Your Fighting skill increases to level 4!
Your Armour skill increases to level 4!
The ogre hits you with a +0 giant spiked club!!
* * * LOW HITPOINT WARNING * * *
Unknown command.
Okay, then.
The ogre hits you with a +0 giant spiked club!
You die...

#.#####.#......#.#
###########.......#.####.#.#
.......................#.#(#
#################.#.##.#.#(#
...............<#.#[...#'#'##
.################...........# .#
#...........# .########
###...........##### ........#
#>@................
........#######O##...#########...
........##....^.[#...# #####...
........++.......#...#####.......
........##.......'...'...'.......
.................#...#####.......
...............).#...# #.......
......##.........#...# #.......
##########.......##### #.......


You could see an ogre.

Vanquished Creatures
  2 phantoms (D:4)
  An ogre (D:4)
  A scorpion (D:4)
  3 crimson imps
  A bullfrog zombie (D:3)
  A hound (D:5)
  An orc priest (D:3)
  A bullfrog skeleton (D:4)
  2 iguanas (D:4)
  An orc wizard (D:4)
  A worker ant (D:4)
  A hound zombie (D:3)
  2 adders (D:4)
  7 gnolls
  A worm (D:4)
  2 dart slugs
  3 leopard geckos
  6 orcs
  5 bats
  4 giant cockroaches
  4 goblins
  9 hobgoblins
  6 jackals
  6 kobolds
  A quokka (D:4)
  A ball python (D:1)
  5 frilled lizards
  4 rats
82 creatures vanquished.

Notes
Turn   | Place    | Note
-------+----------+-------------------------------------------
     0 | D:1      | AlexTheUnready the Centaur Hunter began the quest for the
                  | Orb.
     0 | D:1      | Reached XP level 1. HP: 17/17 MP: 1/1
   519 | D:1      | Reached XP level 2. HP: 24/24 MP: 2/2
   811 | D:1      | Reached skill level 6 in Bows
  1045 | D:2      | Noticed a crimson imp
  1286 | D:2      | Killed a crimson imp
  1286 | D:2      | Reached skill level 1 in Armour
  1286 | D:2      | Reached XP level 3. HP: 21/29 MP: 3/3
  1463 | D:2      | Found a faded altar of an unknown god.
  2069 | D:2      | Reached XP level 4. HP: 36/36 MP: 4/4
  2490 | D:3      | Found a shimmering blue altar of Sif Muna.
  2509 | D:3      | Found a glowing golden altar of the Shining One.
  2632 | D:3      | Noticed Grinder
  2634 | D:3      | Paralysed by Grinder for 6 turns
  2645 | D:3      | Paralysed by Grinder for 2 turns
  2836 | D:3      | Reached XP level 5. HP: 35/42 MP: 5/5
  3579 | D:4      | Noticed an ogre
  3621 | D:4      | Found Gegrubau's Food Emporium.
  3626 | D:4      | Reached XP level 6. HP: 47/50 MP: 6/6
  4031 | D:4      | Found Kucig's Armour Boutique.
  4098 | D:4      | Found a hide-covered altar of Uskayaw.
  4109 | D:4      | Found a shimmering altar of Xom.
  4206 | D:4      | Reached skill level 7 in Bows
  4444 | D:4      | Reached XP level 7. HP: 57/57 MP: 7/7
  4470 | D:4      | Found Kuuna's Antique Weapon Shop.
  4972 | D:4      | Found Bocwuqag's Antique Armour Boutique.
  4981 | D:4      | Found a burning altar of Makhleb.
  5189 | D:5      | Entered Level 5 of the Dungeon
  5307 | D:5      | Found a staircase to the Ecumenical Temple.
  5361 | D:5      | Reached skill level 8 in Bows
  5389 | D:4      | Slain by an ogre

Illustrated notes

Levels and vault maps discovered:
D:1:      minmay_arrival_arboretum_small, layout_rooms, serial_bayou_lagoon_b
D:2:      layout_loops_ring, chequers_ecumenical_altar_simple_redux
D:3:      layout_loops_ring, old_standard_altar, led_sif_book, serial_forest,
          infiniplex_forest_clump_medium, infiniplex_forest_clump_tiny,
          infiniplex_forest_clump_curved, infiniplex_forest_straight_3,
          infiniplex_forest_straight_2, infiniplex_forest_lined_4_way,
          infiniplex_forest_clump_double, infiniplex_forest_corner_1,
          infiniplex_forest_lined_room_2, first_ration, uniq_grinder
D:4:      layout_basic, xom_teletrap_fun, lemuel_round_altar,
          overflow_temple_1_default, serial_shops, shop, kennysheep_mini,
          kennysheep_mini_moat, nicolae_shop_crystal
D:5:      layout_basic, minmay_temple_entry_junction_2, serial_shops,
          shop_fountains, gammafunk_ghost_cemetery, grunt_dithmenos_smoke

Skill      XL: |  1  2  3  4  5  6  7 |
---------------+----------------------+-----
Bows           | 6 7 8 |  8.1
Armour         | 1 2 3 4 |  4.0
Dodging        | 2 |  2.5
Fighting       | 3 4 |  4.0
Stealth        | |  0.4

Action                   |  1- 3 |  4- 6 |  7- 9 || total
-------------------------+-------+-------+-------++-------
Melee: Short sword       |   101 |   152 |    81 ||   334
       Kick              |    18 |    53 |    12 ||    83
 Fire: Shortbow          |    15 |    28 |    18 ||    61
Throw: Javelin           |       |    12 |       ||    12
  Use: Scroll            |     2 |     4 |     2 ||     8
  Eat: Chunk             |     2 |     7 |     1 ||    10
Armor: Leather armour    |    47 |       |       ||    47
       Chain mail        |       |    84 |    63 ||   147
Dodge: Dodged            |    61 |    42 |    35 ||   138
